 Dungeon Sprint DCSS version 0.21-a0-331-gfb491b4 (webtiles) character file.

4319 potatolord6000 the Protected (level 10, 0/103 HPs)
             Began as a Minotaur Fighter on Oct 2, 2017.
             Was the Champion of Cheibriados.
             Succumbed to a hornet's poison
             ... in the Dungeon (Sprint VII: "The Pits").
             The game lasted 00:04:45 (1173 turns).

potatolord6000 the Protected (Minotaur Fighter)     Turns: 1173, Time: 00:04:46

Health: 0/103      AC: 19    Str: 38    XL:     10   Next: 11%
Magic:  9/9        EV: 12    Int: 20    God:    Cheibriados [******]
Gold:   0          SH: 17    Dex: 26    Spells: 9/9 levels left

rFire    . . .     SeeInvis .   s - +2 war axe (chop)
rCold    . . .     Gourm    .   c - +0 shield
rNeg     . . .     Faith    .   r - +3 chain mail
rPois    .         Spirit   .   (helmet restricted)
rElec    .         Reflect  .   (no cloak)
rCorr    .         Harm     .   (no gloves)
MR       .....     NoTele   +   (no boots)
Stlth    ..........             (no amulet)
HPRegen  0.27/turn              b - +3 ring of evasion
MPRegen  0.11/turn              d - +3 ring of protection

@: lethally poisoned (0 -> -4), very slow
A: retaliatory headbutt, horns 2
a: Bend Time, Temporal Distortion, Slouch, Step From Time, Renounce Religion


You were in the Dungeon.
You worshipped Cheibriados.
Cheibriados was exalted by your worship.
You were not hungry.

You visited 1 branch

Inventory:

Hand Weapons
 s - a +2 war axe of chopping (weapon)
Armour
 c - a +0 shield (worn)
 r - a +3 chain mail (worn)
Jewellery
 b - a +3 ring of evasion (left hand)
 d - a +3 ring of protection (right hand)
Scrolls
 k - a scroll of blinking
 m - 3 scrolls of remove curse
 n - 5 scrolls of amnesia
 o - a scroll of summoning
Potions
 e - 6 potions of curing
 g - 8 potions of heal wounds
 h - a potion of resistance
 i - 4 potions of magic
 j - a potion of brilliance
 l - a potion of invisibility
Comestibles
 f - 8 bread rations
 p - 40 fruits
 q - 7 meat rations


   Skills:
 + Level 14.2 Fighting
 + Level 14.0 Axes
 + Level 14.2 Armour
 + Level 14.2 Shields


You had 9 spell levels left.
You didn't know any spells.

Dungeon Overview and Level Annotations

Branches:
Dungeon (1/1)

Altars:
Ashenzari
Cheibriados
Dithmenos
Elyvilon
Fedhas
Gozag
Hepliaklqana
Kikubaaqudgha
Makhleb
Nemelex Xobeh
Okawaru
Qazlal
Ru
Sif Muna
Trog
Uskayaw
Vehumet
Wu Jian
Xom
Yredelemnul
Zin
The Shining One
Beogh
Jiyva
Lugonu


Innate Abilities, Weirdness & Mutations

You reflexively headbutt those who attack you in melee.
You have a pair of horns on your head.


Message History

You block the efreet's attack.
Unknown command.
You hit the efreet but do no damage. You headbutt the efreet!
The efreet is almost dead.
You feel sick. The efreet gestures at you.
The fireball explodes!
The fireball engulfs you!
* * * LOW HITPOINT WARNING * * *
The fireball engulfs the efreet.
The efreet completely resists.
You hear a shout!
You slash the efreet!
You kill the efreet!
Cheibriados appreciates the change of pace.
Your Axes skill increases to level 14!
* * * LOW HITPOINT WARNING * * *
You feel sick. You block the blink frog's attack.
The blink frog closely misses you.
An orc comes into view. It is wielding a flail.
You feel yourself speed up.
You die...

.............#
...#..#......#
.............+
.............+
...#..#......#
.............#
'#####''######
....##''################
....##..#.....F)@......#
....##..##.....F†.......
<...##..####...#†######o
....##..#..#####.##
....##..#....##...#
....##..÷.....#...#
######..'÷)÷..'...+
######..'÷....#...#
..[[##..#....##...#


You could see 2 blink frogs and an orc (wandering).

Vanquished Creatures
  A hydra (D)
  A gargoyle (D)
  2 efreet (D)
  A hornet (D)
  A polar bear (D)
  3 blink frogs (D)
  An air elemental (D)
  A flying skull (D)
  Sigmund (D)
  A shadow (D)
  5 yaks (D)
  2 wolves (D)
  A gnoll sergeant (D)
  3 wights (D)
  An orc priest (D)
  An iron imp (D)
  A worker ant (D)
  An orc wizard (D)
  7 gnolls (D)
  An adder (D)
  A river rat (D)
  A leopard gecko (D)
  3 orcs (D)
  A ball python (D)
  A bat (D)
  A goblin (D)
  A hobgoblin (D)
  A quokka (D)
  A giant cockroach zombie (D)
47 creatures vanquished.

Notes
Turn   | Place    | Note
-------+----------+-------------------------------------------
     0 | D        | potatolord6000 the Minotaur Fighter began the quest for the Orb.
     0 | D        | Reached XP level 1. HP: 19/19 MP: 0/0
    21 | D        | Reached XP level 2. HP: 10/28 MP: 1/1
    49 | D        | Found a bloodstained altar of Trog.
    49 | D        | Found a deep blue altar of Sif Muna.
    49 | D        | Found a viscous altar of Jiyva.
    49 | D        | Found a hazy altar of Hepliaklqana.
    49 | D        | Found an opulent altar of Gozag.
    50 | D        | Found a glowing golden altar of the Shining One.
    50 | D        | Found a glowing silver altar of Zin.
    50 | D        | Found a basalt altar of Yredelemnul.
    50 | D        | Found a shimmering altar of Xom.
    50 | D        | Found an ornate altar of the Wu Jian Council.
    50 | D        | Found a sacrificial altar of Ru.
    50 | D        | Found a stormy altar of Qazlal.
    50 | D        | Found an iron altar of Okawaru.
    50 | D        | Found a sparkling altar of Nemelex Xobeh.
    50 | D        | Found a burning altar of Makhleb.
    50 | D        | Found a blossoming altar of Fedhas.
    50 | D        | Found a white marble altar of Elyvilon.
    50 | D        | Found a shadowy altar of Dithmenos.
    50 | D        | Found a snail-covered altar of Cheibriados.
    52 | D        | Found a radiant altar of Vehumet.
    52 | D        | Found a corrupted altar of Lugonu.
    52 | D        | Found a roughly hewn altar of Beogh.
    54 | D        | Found an ancient bone altar of Kikubaaqudgha.
    54 | D        | Found a hide-covered altar of Uskayaw.
    54 | D        | Found a shattered altar of Ashenzari.
    61 | D        | Became a worshipper of Cheibriados the Contemplative
   304 | D        | Reached * piety under Cheibriados
   307 | D        | Reached skill level 5 in Fighting
   307 | D        | Reached skill level 5 in Armour
   307 | D        | Reached skill level 5 in Shields
   313 | D        | Noticed a wolf
   315 | D        | Reached ** piety under Cheibriados
   319 | D        | Killed a wolf
   319 | D        | Reached XP level 3. HP: 26/38 MP: 2/2
   319 | D        | Reached XP level 4. HP: 30/45 MP: 3/3
   323 | D        | Reached *** piety under Cheibriados
   588 | D        | Noticed a gnoll sergeant
   589 | D        | Noticed a wolf
   595 | D        | Noticed a flying skull
   597 | D        | Killed a wolf
   597 | D        | Reached XP level 5. HP: 42/53 MP: 4/4
   600 | D        | Reached **** piety under Cheibriados
   600 | D        | Reached XP level 6. HP: 50/62 MP: 5/5
   623 | D        | Killed a flying skull
   623 | D        | Reached ***** piety under Cheibriados
   631 | D        | Reached XP level 7. HP: 67/71 MP: 6/6
   636 | D        | Reached ****** piety under Cheibriados
   714 | D        | Noticed a gargoyle
   719 | D        | Killed a gargoyle
   719 | D        | Reached skill level 10 in Fighting
   719 | D        | Reached skill level 10 in Axes
   719 | D        | Reached skill level 10 in Armour
   719 | D        | Reached skill level 10 in Shields
   731 | D        | Reached XP level 8. HP: 76/82 MP: 7/7
   747 | D        | Noticed a six-headed hydra
   754 | D        | Killed a nine-headed hydra
   875 | D        | Noticed Sigmund
   875 | D        | Noticed a polar bear
   882 | D        | Reached XP level 9. HP: 51/91 MP: 8/8
   886 | D        | Killed a polar bear
   887 | D        | Killed Sigmund
  1157 | D        | Noticed an efreet
  1162 | D        | Noticed an efreet
  1168 | D        | Killed an efreet
  1168 | D        | Reached XP level 10. HP: 31/103 MP: 9/9
  1171 | D        | HP: 2/103 [efreet/fireball (21)]
  1173 | D        | Succumbed to a hornet's poison

Vault maps used:
D:        pitsprint

Skill      XL: |  1  2  3  4  5  6  7  8  9 10 |
---------------+-------------------------------+-----
Fighting       | 4 6 7 8 9 11 12 14 | 14.2
Axes           | 3 6 7 9 10 12 13 14 | 14.0
Armour         | 4 6 7 8 9 11 12 14 | 14.2
Shields        | 4 6 7 8 9 11 12 14 | 14.2

Action                   |  1- 3 |  4- 6 |  7- 9 | 10-12 || total
-------------------------+-------+-------+-------+-------++-------
Melee: War axe           |    20 |    37 |    47 |     3 ||   107
       Headbutt          |     2 |    10 |    21 |     2 ||    35
  Use: Potion            |       |     2 |     3 |       ||     5
Armor: Scale mail        |     6 |     2 |       |       ||     8
       Chain mail        |       |    32 |    31 |       ||    63
Dodge: Dodged            |     8 |    20 |    28 |     3 ||    59
Block: Shield            |    10 |    53 |    72 |     6 ||   141

Table legend:
 A = Spawn XP
 B = Non-spawn XP
 C = Spawn XP percentage of total XP
 D = Spawn monster count
 E = Non-spawn monster count
 F = Spawn count percentage of total count
 G = Total turns spent on level
                    A         B        C        D         E        F      G
               +---------+---------+-------+---------+---------+-------+---------
         Total |       0 |    6170 |   0.0 |       0 |      47 |   0.0 |  1173
               +---------+---------+-------+---------+---------+-------+---------
             D |       0 |    6170 |   0.0 |       0 |      47 |   0.0 |  1173
               +---------+---------+-------+---------+---------+-------+---------
